 Dungeon Crawl Stone Soup version 0.24-a0-370-g78e9d4e317 (webtiles) character file.

Game seed: 2585572031304692551

512 HAL9000 the Cutter (level 7, -1/34 HPs)
             Began as a Vine Stalker Assassin on May 30, 2019.
             Slain by Duvessa
             ... wielding a +0 short sword
              (11 damage)
             ... on level 4 of the Dungeon.
             The game lasted 00:07:48 (3780 turns).

HAL9000 the Cutter (Vine Stalker Assassin)          Turns: 3780, Time: 00:07:48

Health: -1/34      AC:  8    Str: 14    XL:     7   Next: 19%
Magic:  0/8        EV: 11    Int: 12    God:
Gold:   316        SH:  0    Dex: 16    Spells: 6/6 levels left

rFire    + + .     SeeInvis .   a - +2 dagger
rCold    . . .     Gourm    .   (no shield)
rNeg     . . .     Faith    .   F - +0 leather armour
rPois    +         Spirit   +   w - +0 helmet
rElec    +         Reflect  .   c - +0 cloak
rCorr    +         Harm     .   l - +2 pair of gloves
MR       .....                  (no boots)
Stlth    +++.......             (no amulet)
HPRegen  0.51/turn              r - ring of wizardry
MPRegen  0.11/turn              b - ring of fire

@: resistant
A: fangs 2, regeneration 1, magic shield, antimagic bite, no potion heal 3, rot
immunity
a: no special abilities


You were on level 4 of the Dungeon.
You were not hungry.

You visited 1 branch of the dungeon, and saw 4 of its levels.

You collected 316 gold pieces.

Inventory:

Hand Weapons
 a - a +2 dagger (weapon)
 u - a +2 short sword of holy wrath
Missiles
 d - 3 poisoned darts (quivered)
 i - 9 javelins
Armour
 c - a +0 cloak (worn)
 l - a +2 pair of gloves (worn)
 w - a +0 helmet (worn)
 F - a +0 leather armour (worn)
Jewellery
 b - a ring of fire (right hand)
 r - a ring of wizardry (left hand)
Scrolls
 j - 3 scrolls of remove curse
 k - a scroll of random uselessness {unknown}
 t - a scroll of enchant armour {unknown}
 x - a scroll of teleportation {unknown}
 y - 2 scrolls of enchant weapon {unknown}
 z - a scroll of fog {unknown}
 A - a scroll of amnesia {unknown}
 D - a scroll of identify {unknown}
Potions
 g - a potion of resistance
 h - a potion of magic {unknown}
 m - 2 potions of heal wounds
 n - 2 potions of haste {unknown}
 o - a potion of mutation {unknown}
 p - a potion of cancellation {unknown}
 q - 3 potions of curing {unknown}
 s - a potion of degeneration {unknown}
 v - a potion of flight {unknown}
 E - a potion of lignification {unknown}
 G - a potion of brilliance {unknown}
Comestibles
 f - 9 rations
 C - 4 chunks of flesh


   Skills:
 - Level 1.7 Fighting
 + Level 7.0 Short Blades
 - Level 1.7 Throwing
 - Level 0.7 Dodging
 - Level 4.8 Stealth


You had 6 spell levels left.
You didn't know any spells.
Your spell library contained the following spells:

 Spells                   Type           Power        Failure   Level  Hunger
 Confusing Touch          Hex            #.....       16%         1    ##.....
 Magic Dart               Conj           #...         16%         1    ##.....
 Blink                    Tloc           N/A          26%         2    ###....
 Call Imp                 Summ           #.......     26%         2    ###....
 Slow                     Hex            #.......     26%         2    ###....
 Confuse                  Hex            #.......     43%         3    ####...
 Conjure Flame            Conj/Fire      #.......     43%         3    ####...
 Gell's Gravitas          Tloc           #.........   43%         3    ####...
 Mephitic Cloud           Conj/Pois/Air  #.......     43%         3    ####...
 Petrify                  Tmut/Erth      #.......     82%         4    #####..
 Metabolic Englaciation   Hex/Ice        #.........   98%         5    ######.
 Yara's Violent Unravell  Hex/Tmut       #.........   98%         5    ######.


Dungeon Overview and Level Annotations

Branches:
Dungeon (4/15)
 Temple: D:4-7

Altars:
Fedhas
Gozag

Shops:
D:4 =

Annotations:
D:4 Duvessa, Natasha


Innate Abilities, Weirdness & Mutations

You have extremely sharp teeth.
Your natural rate of healing is unusually fast.
When hurt, damage is shared between your health and your magic reserves.
Your bite disrupts and absorbs the magic of your enemies.
Potions cannot restore your health.
You are immune to rotting.


Message History

Natasha is lightly wounded.
Duvessa misses you. Natasha closely misses you.
Duvessa hits you with a +0 short sword.
You hit Natasha.
Natasha is moderately wounded.
Natasha claws you! Duvessa misses you.
Okay, then.
It was a potion of resistance.
You feel protected. Duvessa hits you with a +0 short sword.
* * * LOW HITPOINT WARNING * * *
Natasha completely misses you.
You hit Natasha but do no damage. You bite Natasha.
Natasha's magic leaks into the air.
You drain her magic.
You feel invigorated.
Natasha is heavily wounded.
Duvessa misses you. Natasha claws you but does no damage.
You hit Natasha. Your bite misses Natasha.
Natasha is severely wounded.
Duvessa hits you with a +0 short sword!
You die...

#$... ###..)##%.# ###...#####
#.8..#(## #...#.....## .
#..8.#.# #.#######..### ..
#.....###..### ##....
...###....(.....# ###..
.........h(.....########.. . .
###......)...(((......... .#.
.. ###..###.....(......#..
....
#.####.##@h...##......(#.. #
...##......##e###..........#..
###.#..####......#
##........### ...
#..##..###..# ##.......### ..#
#..........# #......∩e<.
..#######.####....#
#..........
......<...###..##.#
#.......... #...............
.. ............
....[.......#### ###
###.........


You could see Duvessa (berserk) and Natasha.

Vanquished Creatures
  Dowan (D:4)
  2 scorpions (D:3)
  A howler monkey (D:4)
  A hound (D:4)
  An orc priest (D:4)
  Terence (D:3)
  Natasha (D:4)
  An iguana (D:4)
  A worker ant (D:4)
  Robin (D:2)
  2 gnolls
  6 adders
  2 oozes
  A worm (D:2)
  5 leopard geckos (D:2)
  4 orcs
  2 ball pythons
  A giant cockroach (D:3)
  10 goblins
  8 hobgoblins
  3 jackals
  6 kobolds
  3 quokkas
  5 bats
  A frilled lizard (D:4)
  5 rats
75 creatures vanquished.

Notes
Turn   | Place    | Note
-------+----------+-------------------------------------------
     0 | D:1      | HAL9000 the Vine Stalker Assassin began the quest for the
                  | Orb.
     0 | D:1      | Reached XP level 1. HP: 11/11 MP: 2/2
   432 | D:1      | Reached skill level 2 in Short Blades
   741 | D:2      | Reached XP level 2. HP: 15/15 MP: 3/3
   749 | D:2      | Found an opulent altar of Gozag.
   755 | D:2      | Noticed Robin
  1274 | D:2      | Reached skill level 3 in Short Blades
  1274 | D:2      | Reached XP level 3. HP: 7/18 MP: 1/4
  1577 | D:2      | Found a blossoming altar of Fedhas.
  2267 | D:2      | Gained mutation: Your natural rate of healing is unusually
                  | fast. [Vine Stalker growth]
  2267 | D:2      | Reached XP level 4. HP: 16/23 MP: 0/5
  2278 | D:2      | Killed Robin
  2431 | D:2      | Reached skill level 4 in Short Blades
  2923 | D:3      | Noticed Terence
  2926 | D:3      | Killed Terence
  2926 | D:3      | Reached XP level 5. HP: 26/26 MP: 6/6
  3111 | D:3      | Reached skill level 5 in Short Blades
  3281 | D:4      | Found Otwydd's Jewellery Shop.
  3354 | D:4      | Noticed Duvessa
  3389 | D:3      | Reached XP level 6. HP: 12/30 MP: 2/7
  3533 | D:4      | Reached skill level 6 in Short Blades
  3606 | D:4      | Noticed Natasha
  3638 | D:4      | Killed Natasha
  3691 | D:4      | Reached XP level 7. HP: 34/34 MP: 8/8
  3703 | D:4      | Noticed Dowan
  3764 | D:4      | Killed Dowan
  3764 | D:4      | Reached skill level 7 in Short Blades
  3765 | D:4      | Noticed Natasha
  3780 | D:4      | Slain by Duvessa

Levels and vault maps discovered:
D:1:      sevenhm_arrival_forest_fort_large_3, layout_loops_ring, serial_forest,
          infiniplex_forest_straight_3, infiniplex_forest_clump_tiny,
          infiniplex_forest_corner_1, infiniplex_forest_clump_small,
          infiniplex_forest_end_1, infiniplex_forest_clump_double,
          infiniplex_forest_lined_room_2
D:2:      layout_basic, marbit_many_paths, overflow_temple_1_default,
          minmay_cut_off, uniq_robin
D:3:      layout_rooms, first_ration, uniq_terence
D:4:      layout_rooms, serial_shops, shop, shop_fountains, minmay_bent,
          uniq_duvessa, uniq_natasha

Skill      XL: |  1  2  3  4  5  6  7 |
---------------+----------------------+-----
Short Blades   | 2 3 4 5 6 7 |  7.0
Fighting       | |  1.7
Throwing       | |  1.7
Dodging        | |  0.7
Stealth        | |  4.8

Action                   |  1- 3 |  4- 6 |  7- 9 || total
-------------------------+-------+-------+-------++-------
Melee: Dagger            |   111 |   176 |    14 ||   301
       Bite              |    26 |    52 |     6 ||    84
Throw: Dart              |       |    12 |     6 ||    18
       Javelin           |       |       |     3 ||     3
       Throwing net      |       |       |     1 ||     1
  Use: Scroll            |       |     1 |       ||     1
       Potion            |       |       |     1 ||     1
 Stab: Sleeping          |     4 |     7 |       ||    11
  Eat: Chunk             |     4 |     5 |       ||     9
Armor: Robe              |    24 |    37 |       ||    61
       Leather armour    |       |    19 |     7 ||    26
Dodge: Dodged            |    51 |    92 |    15 ||   158

Table legend:
 A = Non-vault XP
 B = Vault XP
 C = Vault XP percentage of total XP
 D = Non-vault monster count
 E = Vault monster count
 F = Vault count percentage of total count
                 A         B        C        D         E       F
            +---------+---------+-------+---------+---------+-------
      Total |     488 |     244 |  33.3 |      56 |      19 |  25.3
            +---------+---------+-------+---------+---------+-------
        D:1 |       7 |       6 |  46.2 |       4 |       3 |  42.9
        D:2 |      89 |      34 |  27.6 |      27 |      10 |  27.0
        D:3 |     206 |      38 |  15.6 |      13 |       1 |   7.1
        D:4 |     186 |     166 |  47.2 |      12 |       5 |  29.4
            +---------+---------+-------+---------+---------+-------
